 Dungeon Crawl Stone Soup version 0.20-a0-949-g916514f (webtiles) character file.

5443 Goblin1989 the Cruncher (level 11, -7/72 HPs)
             Began as a Kobold Gladiator on Apr 4, 2017.
             Was a Believer of Okawaru.
             Mangled by an ogre
             ... wielding a +0 giant spiked club
              (22 damage)
             ... on level 8 of the Dungeon.
             The game lasted 00:26:48 (9877 turns).

Goblin1989 the Cruncher (Kobold Gladiator)          Turns: 9877, Time: 00:26:49

Health: -7/72      AC: 15    Str: 16    XL:     11   Next: 0%
Magic:  11/11      EV: 13    Int:  9    God:    Okawaru [**....]
Gold:   152        SH:  0    Dex: 16    Spells: 10/10 levels left

rFire    . . .     SeeInvis .   a - +0 quarterstaff
rCold    + . .     Gourm    .   (shield currently unavailable)
rNeg     . . .     Faith    .   A - +3 chain mail of Marbles {+Blink rC+}
rPois    +         Spirit   .   c - +1 helmet
rElec    .         Reflect  .   p - +0 cloak
rCorr    .         Harm     .   (no gloves)
MR       .....                  (no boots)
Stlth    ..........             (no amulet)
Regen    0.3/turn               o - ring of poison resistance
MPRegen  0.2/turn               (no ring)

@: drained
A: blurry vision 1, carnivore 3, clumsy 1, robust 1, strong 1
a: Heroism, Renounce Religion, Evoke Blink


You were on level 8 of the Dungeon.
You worshipped Okawaru.
Okawaru was pleased with you.
You were very full.

You visited 2 branches of the dungeon, and saw 11 of its levels.
You also visited: Ossuary.

You collected 380 gold pieces.
You spent 228 gold pieces at shops.

Inventory:

Hand Weapons
 a - a +0 quarterstaff (weapon)
Missiles
 l - 2 tomahawks of dispersal
 Z - a throwing net (quivered) {!d, =f}
Armour
 c - a +1 helmet (worn)
 p - a +0 cloak (worn)
 A - the +3 chain mail of Marbles (worn) {+Blink rC+}
   (You bought it in a shop on level 6 of the Dungeon)

   It protects you from cold.
   It lets you blink.
Jewellery
 o - a ring of poison resistance (left hand)
Scrolls
 d - a scroll of blinking {unknown}
 k - 4 scrolls of remove curse {@r2}
 r - 2 scrolls of immolation
 t - a scroll of fog
 u - a scroll of noise {unknown}
 y - a scroll of random uselessness {unknown}
 z - 4 scrolls of amnesia
 M - a scroll of magic mapping
 T - 4 scrolls of teleportation {!r, @r3}
Potions
 b - 3 potions of resistance
 e - 2 potions of haste {@q3, !q}
 g - 2 potions of invisibility {unknown}
 h - a potion of agility
 j - a potion of ambrosia
 n - 4 potions of curing {@q1}
 q - a potion of mutation
 s - a potion of lignification
 v - a potion of flight {unknown}
Comestibles
 f - 3 meat rations {@e2}
 i - 2 royal jellies


   Skills:
 + Level 6.5(5.8) Fighting
 * Level 12.4(11.7) Staves
 - Level 2.1(1.6) Throwing
 + Level 4.3(3.6) Armour
 + Level 7.7(7.0) Dodging


You had 10 spell levels left.
You didn't know any spells.

Dungeon Overview and Level Annotations

Branches:
Dungeon (10/15)            Temple (1/1) D:5
   Lair: D:8-11         Orc: D:9-12

Altars:
Ashenzari
Cheibriados
Dithmenos
Elyvilon
Fedhas
Gozag
Hepliaklqana
Kikubaaqudgha
Makhleb
Nemelex Xobeh
Okawaru
Qazlal
Ru
Sif Muna
Trog
Uskayaw
Vehumet
Wu Jian
Xom
Zin
The Shining One

Shops:
D:6 [

Annotations:
D:8 Maurice


Innate Abilities, Weirdness & Mutations

You are small and have problems with some larger weapons.
You are carnivorous and can eat meat at any time.
Scrolls take you a little longer to read.
You are clumsy. (Dex -2)
You are robust. (+10% HP)
Your muscles are strong. (Str +2)


Message History

Maurice blinks!
Maurice gestures wildly while chanting.
Maurice flickers and vanishes!
Deactivating autopickup; reactivate with Ctrl-A.
Found an ancient bone altar of Kikubaaqudgha.
No target in view!
No target in view!
No target in view!
No target in view!
No target in view!
No target in view!
No target in view!
No target in view!
No target in view!
No target in view!
No target in view!
No target in view!
No target in view!
No target in view!
No target in view!
No target in view!
No target in view!
No target in view!
No target in view!
No target in view!
No target in view!
No target in view!
No target in view!
No target in view!
No target in view!
No target in view!
No target in view!
No target in view!
No target in view!
You hear a zap.
Some rock shatters into small pieces.
You open the door.
There is an open door here.
You close the door.
You start waiting.
Something unseen opens the door.
You hear a zap.
Some rock shatters into small pieces.
You hear a zap.
Some rock shatters into small pieces.
An ogre comes into view. It is wielding a giant spiked club.
The ogre shouts!
The ogre moves out of view.
You hit something. Something barely misses you.
You thump something! You miss something. Something hits you.
Something steals your 5 scrolls of teleportation {!r, @r3}!
You take 2 damage, and have 70/72 hp.
You hit something. Something hits you.
Something steals your uncursed amulet of magic regeneration!
You take 4 damage, and have 66/72 hp.
You miss something. Something barely misses you.
You miss something. You closely miss something.
You hear some strange, mumbled words.
The ogre closely misses you.
The ogre hits you with a giant spiked club!!
You take 21 damage, and have 46/72 hp.
MASSIVE DAMAGE!!
Something hits you but does no damage.
You hit the ogre.
The ogre is lightly wounded.
Maurice appears from thin air!
Reactivating autopickup.
The ogre hits you with a giant spiked club!
You take 8 damage, and have 38/72 hp.
You barely miss the ogre.
The ogre is lightly wounded.
Maurice hits you but does no damage.
You hit the ogre.
The ogre is moderately wounded.
The ogre hits you but does no damage. Maurice hits you but does no damage.
You hit the ogre.
The ogre is moderately wounded.
Your chain mail of Marbles prevents you from hitting the ogre.
The ogre is moderately wounded.
Maurice hits you but does no damage.
The ogre hits you with a giant spiked club!!
* * * LOW HITPOINT WARNING * * *
You take 24 damage, and have 15/72 hp.
MASSIVE DAMAGE!!
You hit the ogre.
The ogre is heavily wounded.
Maurice closely misses you.
You hit the ogre.
The ogre is severely wounded.
The ogre misses you.
Maurice casts a spell.
Maurice flickers and vanishes!
Deactivating autopickup; reactivate with Ctrl-A.
Unknown command.
You sock the ogre!
The ogre is almost dead.
You barely miss the ogre.
The ogre is almost dead.
The ogre hits you with a giant spiked club!!
You die...

.......█
█........█......
⌂......█
█........█......
.......█
█........█████..
.......█
█...............
██....█
█.█∆████.██████.
█.██.████..████......█.
█.█....................
█.....{....██.........)
███...@█████ ██████.██
█.█O██ █.█. ...[......█


█(██ ███.█.█.█.... █.)) ............ ████ █.██████../.. ... ..... █.. ..... █.
.... You could see an ogre.

Vanquished Creatures
  Pikel (D:4)
  The ghost of herpmino the Slasher, a novice GrGl of Ru (Ossuary)
  Grinder (D:3)
  Sigmund (D:4)
  A water moccasin (D:6)
  6 orc warriors
  2 sky beasts
  A necrophage (D:5)
  A phantom (D:4)
  An eye of draining (D:4)
  2 centaurs
  4 ogres
  Blork the orc (D:4)
  2 bullfrogs
  11 scorpions
  9 wights
  A howler monkey (D:5)
  3 crimson imps
  3 human zombies (Ossuary)
  A quasit (D:5)
  A centaur skeleton (D:6)
  2 centaur zombies (Ossuary)
  5 hounds
  A jelly (D:6)
  A bullfrog skeleton (D:5)
  8 orc priests
  2 iguanas
  7 orc wizards
  6 worker ants
  2 big kobold zombies (Ossuary)
  A hound skeleton (D:4)
  3 mummies (Ossuary)
  6 gnolls
  2 worker ant zombies (D:6)
  12 adders
  2 shadow imps
  An adder zombie (D:6)
  5 worms
  2 dart slugs
  7 leopard geckos
  38 orcs
  2 ball pythons
  7 giant cockroaches
  7 goblins
  7 hobgoblins
  3 jackals
  3 quokkas
  A ball python zombie (D:5)
  4 bats
  4 frilled lizards
  4 gnoll zombies (Ossuary)
  4 goblin zombies (Ossuary)
  A hobgoblin zombie (Ossuary)
  A jackal zombie (D:6)
  6 kobolds
  A kobold zombie (Ossuary)
  An orc zombie (Ossuary)
  A quokka zombie (D:6)
  6 rats
  A rat zombie (D:6)
231 creatures vanquished.

Vanquished Creatures (others)
  An adder (D:4)
1 creature vanquished.

Grand Total: 232 creatures vanquished

Notes
Turn   | Place    | Note
-------+----------+-------------------------------------------
     0 | D:1      | Goblin1989 the Kobold Gladiator began the quest for the Orb.
     0 | D:1      | Reached XP level 1. HP: 12/12 MP: 1/1
   160 | D:1      | Reached skill level 3 in Staves
   162 | D:1      | Reached XP level 2. HP: 7/17 MP: 2/2
   908 | D:1      | Reached XP level 3. HP: 15/21 MP: 3/3
  1122 | D:2      | Reached skill level 10 in Staves
  1122 | D:2      | Reached XP level 4. HP: 26/26 MP: 4/4
  1581 | D:2      | Reached XP level 5. HP: 31/31 MP: 5/5
  1853 | D:3      | Reached XP level 6. HP: 8/36 MP: 6/6
  2125 | D:3      | Noticed Grinder
  2586 | D:3      | Killed Grinder
  2586 | D:3      | Reached skill level 1 in Armour
  2586 | D:3      | Reached XP level 7. HP: 18/41 MP: 7/7
  3192 | D:4      | Noticed Sigmund
  3251 | D:4      | Noticed Pikel
  3287 | D:4      | Killed Pikel
  3287 | D:4      | Reached XP level 8. HP: 43/48 MP: 8/8
  3440 | D:4      | Killed Sigmund
  3440 | D:4      | Reached skill level 5 in Dodging
  3509 | D:4      | Noticed Blork the orc
  3540 | D:4      | Reached skill level 11 in Staves
  3547 | D:4      | Killed Blork the orc
  3884 | D:4      | Reached XP level 9. HP: 22/52 MP: 9/9
  4073 | D:4      | Found a shattered altar of Ashenzari.
  4137 | D:4      | Found a blossoming altar of Fedhas.
  4654 | D:5      | Entered Level 5 of the Dungeon
  4681 | D:5      | Reached skill level 5 in Fighting
  4872 | D:5      | Found a hide-covered altar of Uskayaw.
  5737 | D:5      | Found a staircase to the Ecumenical Temple.
  5745 | Temple   | Entered the Ecumenical Temple
  5813 | Temple   | Became a worshipper of Warmaster Okawaru
  6025 | D:6      | Found a sand-covered staircase.
  6032 | Ossuary  | Entered an ossuary
  6395 | Ossuary  | Noticed herpmino's ghost (novice GrGl)
  6399 | Ossuary  | Gained mutation: Your muscles are strong. (Str +2) [potion of mutation]
  6399 | Ossuary  | Gained mutation: You are clumsy. (Dex -2) [potion of mutation]
  6399 | Ossuary  | Gained mutation: Scrolls take you a little longer to read. [potion of mutation]
  6399 | Ossuary  | Gained mutation: You are robust. (+10% HP) [potion of mutation]
  6408 | Ossuary  | Killed herpmino's ghost
  6408 | Ossuary  | Reached * piety under Okawaru
  6408 | Ossuary  | Reached XP level 10. HP: 64/64 MP: 10/10
  7334 | D:6      | Found Askaul's Antique Armour Shoppe.
  7338 | D:6      | Bought a turquoise-encrusted chain mail for 228 gold pieces
  7348 | D:6      | Identified the +3 chain mail of Marbles {+Blink rC+} (You bought it in a shop on level 6 of the Dungeon)
  7437 | D:6      | Reached ** piety under Okawaru
  7444 | D:6      | Reached skill level 12 in Staves
  7845 | D:6      | Found a glowing silver altar of Zin.
  7847 | D:6      | Found a shimmering altar of Xom.
  7848 | D:6      | Noticed an angel
  8476 | D:7      | You fall through a shaft for 3 floors!
  8476 | D:10     | Entered Level 10 of the Dungeon
  8657 | D:9      | Found an ornate altar of the Wu Jian Council.
  8935 | D:9      | HP: 3/67 [orc warrior/halberd (8)]
  9561 | D:8      | Reached XP level 11. HP: 23/72 MP: 11/11
  9828 | D:8      | Noticed Maurice
  9830 | D:8      | Found an ancient bone altar of Kikubaaqudgha.
  9877 | D:8      | Mangled by an ogre

Vault maps used:
D:1:      dpeg_arrival_brainrot
D:2:      roderic_lattice_a, dk_vineyard_2
D:3:      cheibrodos_helix_gallery, uniq_grinder
D:4:      minitemple, first_bread, uniq_pikel, uniq_sigmund, uniq_blork_the_orc
D:5:      eat_drink_and_be_merry_uskayaw, temple_green, st_stairs_11,
          interstate_on_off
D:6:      grunt_temple_overflow_order_and_chaos_1, enter_ossuary_4,
          serial_shops, shop
D:7:      serial_shops, shop, yredelemnul_altar_generic, uniq_joseph
D:8:      lair_entry_dummy, basic_altar, the_bakery, uniq_maurice
D:9:      lemuel_doored_altar
D:10:     argonaut_augean_stables, david_orc_5
Temple:   eino_wide_crystal_templ
Ossuary:  ossuary_minmay_scorpions

Skill      XL: |  1  2  3  4  5  6  7  8  9 10 |
---------------+-------------------------------+-----
Staves         | 3 10 11 12 | 12.4
Fighting       | 3 4 5 6 |  6.5
Armour         | 1 2 3 4 |  4.3
Dodging        | 4 5 6 7 |  7.7
Throwing       | |  2.1

Action                   |  1- 3 |  4- 6 |  7- 9 | 10-12 || total
-------------------------+-------+-------+-------+-------++-------
Melee: Quarterstaff      |    56 |   171 |   374 |   582 ||  1183
Throw: Throwing net      |       |       |     3 |       ||     3
Invok: Heroism           |       |       |       |     7 ||     7
  Use: Scroll            |     3 |     2 |     7 |     2 ||    14
       Potion            |     1 |       |     6 |     4 ||    11
 Stab: Held in net/web   |       |       |     2 |       ||     2
  Eat: Chunk             |     7 |     7 |    11 |    12 ||    37
Armor: Leather armour    |     8 |       |       |       ||     8
       Ring mail         |     1 |    38 |    74 |    40 ||   153
       Skin              |       |       |     3 |     1 ||     4
       Chain mail        |       |       |       |   123 ||   123
Dodge: Dodged            |    61 |    84 |   212 |   275 ||   632

Vault maps used:
D:1:      dpeg_arrival_brainrot
D:2:      roderic_lattice_a, dk_vineyard_2
D:3:      cheibrodos_helix_gallery, uniq_grinder
D:4:      minitemple, first_bread, uniq_pikel, uniq_sigmund, uniq_blork_the_orc
D:5:      eat_drink_and_be_merry_uskayaw, temple_green, st_stairs_11,
          interstate_on_off
D:6:      grunt_temple_overflow_order_and_chaos_1, enter_ossuary_4,
          serial_shops, shop
D:7:      serial_shops, shop, yredelemnul_altar_generic, uniq_joseph
D:8:      lair_entry_dummy, basic_altar, the_bakery, uniq_maurice
D:9:      lemuel_doored_altar
D:10:     argonaut_augean_stables, david_orc_5
Temple:   eino_wide_crystal_templ
Ossuary:  ossuary_minmay_scorpions
